 Dungeon Crawl Stone Soup version 0.13-a0-3016-gcb2faac (webtiles) character file.

338 epsilon the Insei (level 5, -6/39 HPs)
             Began as a Demonspawn Monk on Sept 14, 2013.
             Mangled by Purgy the shark (13 damage)
             ... in a sewer.
             The game lasted 00:11:15 (3380 turns).

epsilon the Insei (Demonspawn Monk)                 Turns: 3380, Time: 00:11:15

HP  -6/39        AC  5     Str 11      XL: 5   Next: 50%
MP   0/4         EV  9     Int 12      God:
Gold 136         SH  0     Dex 16      Spells:  0 memorised,  4 levels left

Res.Fire  : . . .   See Invis. : +   D - -1,+0 orc trident
Res.Cold  : . . .   Warding    : .   n - +0 orc ring mail
Life Prot.: . . .   Conserve   : .   (no shield)
Res.Poison: +       Res.Corr.  : .   (helmet restricted)
Res.Elec. : .       Clarity    : .   (no cloak)
Sust.Abil.: . .     Spirit.Shd : +   (no gloves)
Res.Mut.  : .       Stasis     : .   (no boots)
Res.Rott. : .       Flight     : .   (no amulet)
Saprovore : . . .                    g - ring of see invisible {unknown}
                                     l - ring of poison resistance

@: slightly resistant to hostile enchantments, very unstealthy
A: horns 1, powered by pain 1, magic shield
a: no special abilities


You were in a sewer.
You were not hungry.

You visited 1 branch of the dungeon, and saw 3 of its levels.
You also visited: Sewer.

You collected 136 gold pieces.

Inventory:

Hand weapons
 u - a +0,+0 spear
 D - a -1,+0 orcish trident (weapon)
Missiles
 e - a throwing net [frayed] (quivered)
 t - 9 poisoned needles
Armour
 a - a +0 robe
 c - a +0 scale mail
 n - a +0 orcish ring mail (worn)
Magical devices
 y - a wand of polymorph (5)
Comestibles
 b - 2 bread rations
 f - a pear
 h - an apple
 j - 13 strawberries
 o - a meat ration
 p - a choko
 q - a beef jerky
 C - a chunk of giant newt flesh
Scrolls
 d - a scroll of remove curse {unknown}
 v - a scroll of random uselessness {unknown}
 w - a scroll of magic mapping {unknown}
 x - a scroll of curse armour {unknown}
 z - a scroll of identify {unknown}
 A - 3 scrolls of teleportation
 F - a scroll of fear {unknown}
Jewellery
 g - a ring of see invisible (right hand) {unknown}
 k - an uncursed ring of fire
 l - a ring of poison resistance (left hand)
 m - an uncursed amulet of clarity {unknown}
 B - an uncursed ring of magical power {unknown}
Potions
 i - a potion of heal wounds
 r - a potion of cure mutation {unknown}
 s - 2 potions of curing {unknown}
 E - a potion of speed {unknown}
 G - 2 potions of flight {unknown}


   Skills:
 - Level 3.0 Fighting
 * Level 1.5 Polearms
 + Level 3.9 Armour
 - Level 2.6 Dodging
 - Level 1.7 Stealth
 - Level 4.1 Unarmed Combat


You had 4 spell levels left.
You didn't know any spells.

Dungeon Overview and Level Annotations

Branches:
Dungeon (3/27)

Altars:
Okawaru

Annotations:
Sewer Purgy


Innate Abilities, Weirdness & Mutations

You have a pair of small horns on your head.
You sometimes gain a little power by taking damage.
When hurt, damage is shared between your health and your magic reserves.


Message History

Aim: Purgy the tengu Purgy the tengu evaporates and reforms as a shark!
Purgy bites you.
You hit Purgy but do no damage. Purgy bites you but does no damage.
Purgy barely misses you.
Attack whom?
Press: ? - help, Dir - move target cursor, f/p - Purgy
Aim: Purgy the shark (water)
You reach to attack!
You hit Purgy but do no damage.
You enter the shallow water.
Moving in this stuff is going to be slow.
Purgy bites you. Purgy closely misses you. Purgy bites you.
* * * LOW HITPOINT WARNING * * *
You enter the shallow water.
Moving in this stuff is going to be slow.
Purgy barely misses you. Purgy bites you.
* * * LOW HITPOINT WARNING * * *
Purgy bites you!
You die...

≈≈≈≈≈≈≈≈≈≈≈≈≈.#
#≈≈≈≈≈≈≈≈.# ≈≈≈≈≈≈≈≈≈.#
≈≈≈≈≈≈≈≈≈.## ##≈≈≈≈≈≈≈## #
#≈≈≈≈≈≈≈≈## ## ##≈≈≈≈≈≈≈.#
##### #∩
#≈≈≈≈≈≈≈≈#######...# #∩
#≈≈≈≈≈≈≈≈;@≈.≈..≈∩.# ##
≈≈≈≈≈≈≈≈.#######...# #
≈≈≈≈≈≈≈≈≈# ##### #
≈≈≈≈≈≈≈≈.# ≈≈≈≈≈≈≈≈≈##
#≈≈≈≈≈≈≈≈≈###
≈≈≈≈≈≈≈≈≈≈≈### .
#≈≈≈≈≈≈≈≈≈≈%.##### ..
#≈≈≈≈≈≈≈≈≈≈≈≈≈≈..######.≈≈


You could see Purgy the shark.

Vanquished Creatures
  Jessica (D:3)
  A gnoll (D:1)
  5 adders (D:3)
  A giant mite (D:3)
  4 worms
  3 grey rats (D:3)
  6 giant geckos
  2 oozes
  9 orcs (D:3)
  9 bats
  5 hobgoblins
  3 quokkas
  4 ball pythons (Sewer)
  4 giant cockroaches
  5 giant newts
  6 goblins
  8 kobolds
  9 rats
85 creatures vanquished.

Notes
Turn   | Place    | Note
--------------------------------------------------------------
     0 | D:1      | epsilon, the Demonspawn Monk, began the quest for the Orb.
     0 | D:1      | Reached XP level 1. HP: 16/16 MP: 0/0
   204 | D:1      | Reached skill level 1 in Armour
   204 | D:1      | Gained mutation: You have a pair of small horns on your head. [demonic ancestry]
   204 | D:1      | Reached XP level 2. HP: 2/22 MP: 1/1
  1031 | D:2      | Gained mutation: You sometimes gain a little power by taking damage. [demonic ancestry]
  1031 | D:2      | Reached XP level 3. HP: 28/28 MP: 2/2
  1216 | D:2      | HP: 1/28 [ooze (2)]
  2017 | D:3      | Gained mutation: When hurt, damage is shared between your health and your magic reserves. [demonic ancestry]
  2017 | D:3      | Reached XP level 4. HP: 32/34 MP: 3/3
  2132 | D:3      | Noticed Jessica
  2136 | D:3      | Killed Jessica
  2242 | D:3      | Reached skill level 4 in Unarmed Combat
  2418 | D:3      | Reached XP level 5. HP: 16/39 MP: 4/4
  2671 | D:3      | Found an iron altar of Okawaru.
  2765 | D:3      | Reached skill level 1 in Polearms
  2966 | D:3      | Found a glowing drain.
  3061 | Sewer    | Entered a sewer
  3346 | Sewer    | Noticed Purgy
  3367 | Sewer    | Noticed Purgy
  3367 | Sewer    | Purgy changed into Purgy the tengu
  3370 | Sewer    | Noticed Purgy
  3370 | Sewer    | Purgy the tengu changed into Purgy the shark
  3380 | Sewer    | Mangled by Purgy the shark

Action                   |  1- 3 |  4- 6 || total
-------------------------+-------+-------++-------
Melee: Unarmed           |   151 |    51 ||   202
       Trident           |       |   174 ||   174
Throw: Throwing net      |     1 |       ||     1
Evoke: Wand              |       |     3 ||     3
  Use: Scroll            |       |     2 ||     2
       Potion            |       |     1 ||     1
